 Dungeon Crawl Stone Soup version 0.19-a0-981-gaae9137 (webtiles) character file.

38746 Charly the Fighter (level 14, -4/151 HPs)
             Began as a Gargoyle Fighter on July 14, 2016.
             Was a High Priest of Makhleb.
             Slain by Asterion
             ... wielding a +2 demon trident of venom
              (9 damage)
             ... on level 1 of the Spider Nest on July 15, 2016.
             The game lasted 02:18:08 (7223 turns).

Charly the Fighter (Gargoyle Fighter)               Turns: 7223, Time: 02:18:09

Health: -4/151     AC: 30    Str: 25    XL:     14   Next: 3%
Magic:  16/16      EV: 10    Int: 10    God:    Makhleb [*****.]
Gold:   260        SH:  0    Dex: 18    Spells: 5 memorised, 3 levels left

rFire  + . .     SeeInvis .     q - +3 battleaxe (vamp)
rCold  . . .     Gourm    +     L - +2 plate armour {rF+}
rNeg   + . .     Faith    .     (shield currently unavailable)
rPois  ∞         Spirit   .     (no helmet)
rElec  +         Dismiss  .     (no cloak)
rCorr  .         Reflect  .     (no gloves)
SustAt .         Harm     .     M - +2 pair of boots
MR     ++...                    h - amulet of the gourmand
Stlth  ..........               I - ring of Bybruran {rPois Dex+5}
                                m - ring of protection from magic (curse)

@: berserking (expiring), flying, very quick, very resistant to hostile
enchantments, extremely unstealthy
A: big wings, mutation resistance 1, negative energy resistance 1, robust 1,
electricity resistance, unbreathing, petrification resistance, rot immunity,
MP-powered wands, AC +9
a: Stop Flying, Minor Destruction, Lesser Servant of Makhleb, Major Destruction,
Greater Servant of Makhleb, Renounce Religion


You were on level 1 of the Spider Nest.
You worshipped Makhleb.
Makhleb was extremely pleased with you.
You were not hungry.

You visited 5 branches of the dungeon, and saw 25 of its levels.
You also visited: Labyrinth and Volcano.

You collected 1729 gold pieces.
You spent 1469 gold pieces at shops.

Inventory:

Hand Weapons
 b - a +2 mace of draining
 c - a +0 flail of holy wrath
 q - a +3 vampiric battleaxe (weapon)
 K - a +0 battleaxe of flaming
Missiles
 a - 2 curare-tipped needles
 y - a poisoned needle
Armour
 n - a +1 large shield of cold resistance
 L - a +2 plate armour of fire resistance (worn)
 M - a +2 pair of boots (worn)
 Q - a +0 helmet
Jewellery
 d - an uncursed ring of resist corrosion
 f - an uncursed ring of protection from fire
 h - an amulet of the gourmand (around neck)
 i - an uncursed ring of see invisible
 m - a cursed ring of protection from magic (left hand)
 u - an uncursed ring of flight
 I - the ring of Bybruran (right hand) {rPois Dex+5}
   (You bought it in a shop on level 2 of the Orcish Mines)

   [ring of poison resistance]

   It affects your dexterity (+5).
   It protects you from poison.
 P - an uncursed ring of protection from fire
Wands
 j - a wand of slowing (20/48)
 l - a wand of teleportation (6/9)
 v - a wand of teleportation (4/9)
 G - a wand of enslavement (12/24)
Scrolls
 o - 4 scrolls of remove curse
 w - a scroll of fog
 x - 5 scrolls of enchant armour
 A - 4 scrolls of blinking
 E - a scroll of recharging
 H - 2 scrolls of fear
 N - 2 scrolls of identify
Potions
 e - 7 potions of heal wounds
 g - a potion of agility
 k - a potion of curing
 p - 3 potions of brilliance
 r - 2 potions of magic
 s - a potion of degeneration
 t - a potion of flight
 z - a potion of haste
 C - 4 potions of cancellation
 D - a potion of might
Miscellaneous
 O - a fan of gales
Comestibles
 B - 5 bread rations
 F - 4 meat rations


   Skills:
 - Level 12.3 Fighting
 + Level 10.1(12.1) Axes
 - Level 12.0(13.6) Maces & Flails
 - Level 11.9 Armour
 - Level 3.9 Dodging
 - Level 8.0 Shields
 - Level 3.4 Invocations


You had 3 spell levels left.
You knew the following spells:

 Your Spells              Type           Power        Failure   Level  Hunger
a - Apportation           Tloc           #.........   100%        1    ##.....
b - Blink                 Tloc           N/A          100%        2    ###....
g - Shroud of Golubria    Chrm/Tloc      #.........   100%        2    ###....
B - Summon Butterflies    Summ           #.......     100%        1    ##.....
P - Passage of Golubria   Tloc           N/A          100%        4    #####..


Dungeon Overview and Level Annotations

Branches:
Dungeon (15/15)              Lair (6/6) D:10          Swamp (0/4) Lair:4
 Spider (1/4) Lair:2        Slime (0/5) Lair:5          Orc (2/2) D:10
    Elf (1/3) Orc:2        Vaults (0/5) D:14
 Temple: D:4-7       Depths: D:15

Altars:
Gozag
Hepliaklqana
Makhleb
Okawaru
Pakellas
Trog
Jiyva

Shops:
D:8 *   Orc:2 ?}*=:

Annotations:
Lair:5 1 runed door, 4 exclusions
Spider:1 Asterion


Innate Abilities, Weirdness & Mutations

You are resistant to torment.
Your stone body is resilient. (AC +9)
You are immune to poison.
Your large and strong wings let you fly indefinitely.
You resist negative energy. (rN+)
You are resistant to electric shocks. (rElec)
You can survive without breathing.
You are immune to petrification.
You are immune to rotting.
You are somewhat resistant to further mutation.
You are robust. (+10% HP)
You expend magic power (3 MP) to strengthen your wands.


Message History

* * * LOW HITPOINT WARNING * * *
Unknown command.
Asterion blocks your attack.
Asterion is heavily wounded.
You closely miss the cacodemon.
Asterion hits you with a demon trident of venom.
* * * LOW HITPOINT WARNING * * *
Asterion gores you but does no damage.
The cacodemon hits you but does no damage. x2
You hit Asterion but do no damage.
Asterion is heavily wounded.
You slice the cacodemon!! Asterion closely misses you. Asterion gores you.
* * * LOW HITPOINT WARNING * * *
Unknown command.
Asterion blocks your attack.
Asterion is heavily wounded.
You slash the cacodemon!
You kill the cacodemon!
Asterion hits you with a demon trident of venom!
You die...

##≈≈≈≈#...<..##......
##≈≈≈........# .....
###.........# .....
###........## ....
### #........### ....
#..#####.........^..
#.................^.
#........##..###....
###.^†###@H.(.......
##................
##............
#......#≈[#≈^^
#.#....≈≈≈≈#..
###...#≈......
##)≈≈.......
#≈≈........ ...!.....


You could see Asterion.

Vanquished Creatures
  Nessos (D:13)
  A minotaur (Lab)
  2 centaur warriors (D:14)
  2 hydras
  3 dancing weapons
  2 tengu warriors (D:13)
  2 orc high priests (Orc:2)
  An unseen horror (D:14)
  4 hill giants
  2 orc knights (Orc:2)
  An orb spider (Spider:1)
  A griffon (D:13)
  2 orc sorcerers (Orc:2)
  2 deep elf magi
  2 black mambas (Lair:4)
  6 elephants
  3 toenail golems (Volcano)
  A spiny frog (shapeshifter) (D:13)
  A komodo dragon (Lair:1)
  2 centaur skeletons (D:14)
  A demonic crawler (Spider:1)
  3 trolls
  2 two-headed ogres (D:14)
  5 jumping spiders
  A giant leech (Lair:4)
  4 slime creatures (D:14)
  2 blink frogs (Lair:5)
  A spriggan (Lair:2)
  2 wyverns
  A wraith (D:14)
  A shadow (D:13)
  3 fire bats (Lair:5)
  A basilisk (Lair:4)
  Eustachio (D:4)
  13 yaks
  2 humans (Volcano)
  A mottled dragon (D:11)
  3 hippogriffs
  2 vampire mosquitoes
  4 wargs (D:10)
  A water moccasin (Lair:4)
  17 orc warriors
  A porcupine (Lair:2)
  2 wasps
  A black bear (shapeshifter) (D:14)
  2 sky beasts
  A necrophage (D:7)
  3 ogres
  4 centaurs
  11 wolves
  A crocodile (Lair:2)
  A big kobold (D:11)
  7 giant frogs
  Blork the orc (D:6)
  A water moccasin zombie (D:8)
  A wyvern skeleton (D:14)
  A scorpion (D:13)
  6 killer bees
  2 howler monkeys (D:11)
  3 jellies
  An electric eel (Spider:1)
  4 lava snakes (Lab)
  2 centaur zombies
  A crimson imp (D:13)
  A quasit (D:13)
  A giant frog zombie (D:5)
  4 hounds
  12 orc priests
  A wyvern simulacrum (D:14)
  A gnoll shaman (D:8)
  15 orc wizards
  A giant frog skeleton (D:10)
  9 worker ants
  A hell rat (Lair:5)
  A killer bee zombie (D:5)
  8 sheep (Lair:3)
  A hound zombie (D:10)
  2 worker ant zombies
  7 gnolls
  A howler monkey skeleton (D:4)
  A river rat (Lair:1)
  7 adders
  2 adder zombies
  An adder skeleton (D:6)
  39 orcs
  A bat (D:1)
  3 giant cockroaches
  11 jackals
  2 ball pythons
  2 giant newts
  A goblin (D:3)
  A jackal skeleton (D:5)
  10 kobolds
  A quokka skeleton (D:4)
  A rat (D:1)
  A fungus (Lair:5)
319 creatures vanquished.

Vanquished Creatures (collateral kills)
  A hydra (Lair:6)
  An orc high priest (Orc:2)
  3 orc knights (Orc:2)
  4 orc sorcerers (Orc:2)
  A black mamba (Lair:6)
  6 elephants (Lair:5)
  2 blink frogs (Lair:5)
  2 humans (Volcano)
  3 orc warriors (Orc:2)
  A wolf (Lair:4)
  A giant frog (Lair:5)
  3 orc priests (Orc:2)
  2 orc wizards (Orc:2)
  An orc (Orc:2)
31 creatures vanquished.

Vanquished Creatures (others)
  A redback (Lair:2)
  An orc warrior (Orc:2)
  A wyvern skeleton (D:13)
  4 fungi
  3 plants
10 creatures vanquished.

Grand Total: 360 creatures vanquished

Notes
Turn   | Place    | Note
-------+----------+-------------------------------------------
     0 | D:1      | Charly the Gargoyle Fighter began the quest for the Orb.
     0 | D:1      | Reached XP level 1. HP: 14/14 MP: 1/1
    42 | D:1      | Charly: I really dont like new amulets
    42 | D:1      | Charly: most of them are rather annoying than helpful
    43 | D:1      | Charly: like this one for example...
    93 | D:1      | magipi: annoying is good, according to the dev team
   114 | D:2      | Charly: ye, I dont really understand the reasoning behind some of the changes
   129 | D:2      | Found an iron altar of Okawaru.
   174 | D:3      | Reached XP level 2. HP: 19/19 MP: 2/2
   243 | D:3      | Charly: I bet thats cursed
   245 | D:3      | Found an oddly glowing altar of Pakellas.
   254 | D:3      | magipi: yeah, and -2 or so
   291 | D:5      | Entered Level 5 of the Dungeon
   390 | D:3      | Reached XP level 3. HP: 19/23 MP: 3/3
   566 | D:5      | magipi: this damn drain, will it never decrease?
   576 | D:4      | Charly: I certianly hope so
   576 | D:4      | Charly: but as I said
   576 | D:4      | Charly: this new amulet of harm
   576 | D:4      | Charly: is a missunderstanding
   635 | D:5      | Noticed a centaur
   641 | D:5      | Killed a centaur
   641 | D:5      | Reached skill level 5 in Maces & Flails
   641 | D:5      | Reached XP level 4. HP: 25/28 MP: 4/4
   641 | D:5      | Reached XP level 5. HP: 29/32 MP: 5/5
   646 | D:5      | magipi: well, it"s not wose than the degeneration potion
   651 | D:5      | magipi: worse
   689 | D:5      | magipi: oh, and blowguns are crap now
   689 | D:5      | Charly: yea but unlike degeneration this actually supposed to be good
   693 | D:5      | magipi: really?
   700 | D:5      | magipi: holy shit
   713 | D:5      | magipi: I can't see how
   725 | D:5      | Charly: I have no idea
   734 | D:5      | magipi: you lose an amulet spot, and the volatility of the game increases
   736 | D:5      | magipi: lose-lose
   741 | D:5      | Noticed a sky beast
   748 | D:4      | Noticed an ogre
   750 | D:4      | Killed an ogre
   750 | D:4      | Reached XP level 6. HP: 24/37 MP: 6/6
   755 | D:4      | Found an opulent altar of Gozag.
   782 | D:4      | Found a hazy altar of Hepliaklqana.
   791 | D:4      | Noticed Eustachio
   825 | D:4      | Killed Eustachio
   855 | D:4      | Reached XP level 7. HP: 26/41 MP: 7/7
   870 | D:4      | Found a burning altar of Makhleb.
   870 | D:4      | Noticed a green death
   873 | D:4      | Noticed a hellwing
   873 | D:4      | Noticed a smoke demon
   875 | D:4      | Became a worshipper of Makhleb the Destroyer
  1132 | D:6      | Charly: forgot I already explored the staircase
  1132 | D:6      | Charly: that cost me some turns
  1244 | D:5      | magipi: btw, isn't a Gl better than a Fi?
  1253 | D:6      | magipi: with nets to kick ogre ass
  1253 | D:6      | Charly: I was planning on using shields and maces
  1253 | D:6      | Charly: thats why I went with Fi
  1253 | D:6      | Charly: in general Mo is the best option
  1314 | D:5      | magipi: with chei, certainly
  1333 | D:5      | timbw: crazy Ds score man
  1333 | D:5      | Charly: now that you can pick a weapon its good with any god
  1333 | D:5      | magipi: what about Be, later switching to makh or tso or whatever?
  1333 | D:5      | Charly: another good option
  1333 | D:5      | Charly: but I dont like Trogs wrath
  1333 | D:5      | Charly: but as I said Im not going for some crazyass score here
  1333 | D:5      | Charly: if you want to pull the best score possible Id probably recommend
  1333 | D:5      | Charly: UC
  1333 | D:5      | Charly: or axes
  1333 | D:5      | Charly: Monk start for extra piety
  1383 | D:6      | Noticed Blork the orc
  1389 | D:6      | magipi: well, I'm not goode enough to really speedrun, but I like to chat about it :D
  1395 | D:6      | Killed Blork the orc
  1396 | D:6      | Charly: you dont have to be good to speerun
  1396 | D:6      | Charly: you just need shiload of luck
  1396 | D:6      | Charly: and some basic knowledge how to save turns
  1396 | D:6      | Charly: and ofc gotta take a lot of risk
  1409 | D:6      | magipi: and jknow how to get out of trouble, again and again
  1420 | D:6      | magipi: you have to be really good
  1420 | D:6      | Charly: if you can reliably make 40k speeruns
  1420 | D:6      | Charly: lets say like 1 out of 5 games
  1420 | D:6      | Charly: then your good
  1420 | D:6      | magipi: 1 out of 5???
  1420 | D:6      | Charly: but making 20k run once every 100 games is nto really that impressive
  1420 | D:6      | timbw: depends so much on combo and god though
  1420 | D:6      | magipi: i would have guessed i out of 100
  1420 | D:6      | Charly: maybe 1 out of 10
  1420 | D:6      | Charly: I dont know ;p
  1420 | D:6      | timbw: 40k is easy with say
  1420 | D:6      | timbw: DD
  1420 | D:6      | timbw: you barely have to speedrun
  1420 | D:6      | Charly: like I said I dont consider myslef a good player
  1427 | D:7      | Charly: mert
  1427 | D:7      | Charly: hate it
  1427 | D:7      | Charly: unaviodable death with unlucky roll
  1430 | D:7      | Noticed a hill giant
  1475 | D:7      | Reached skill level 5 in Fighting
  1475 | D:7      | Reached XP level 8. HP: 44/49 MP: 8/8
  1570 | D:8      | Reached * piety under Makhleb
  1740 | D:8      | Found Alubeyd's General Store.
  1788 | D:9      | Reached skill level 5 in Armour
  1923 | D:9      | 19/3/9
  2016 | D:10     | Entered Level 10 of the Dungeon
  2067 | D:9      | Reached ** piety under Makhleb
  2079 | D:9      | Reached XP level 9. HP: 51/56 MP: 9/9
  2099 | D:9      | magipi: this drain whip is really good
  2103 | D:9      | Charly: not really
  2103 | D:9      | Charly: I mean tunrcountwsie
  2103 | D:9      | Charly: I takes a lot of swings to kill
  2103 | D:9      | magipi: well, considering it's just a whip
  2103 | D:9      | Charly: thats the advantage of UC over any other weapon
  2103 | D:9      | Charly: yea
  2103 | D:9      | Charly: draining brand is very good early on
  2275 | D:10     | Found a staircase to the Lair.
  2283 | Lair:1   | Entered Level 1 of the Lair of Beasts
  2283 | Lair:1   | Noticed a komodo dragon
  2307 | D:10     | magipi: wow
  2340 | D:10     | Charly: ?
  2340 | D:10     | Charly: it has high mr
  2356 | D:10     | magipi: meeting some wights would be nice, they often have good weapons
  2356 | D:10     | Charly: very luck on the jewellery
  2356 | D:10     | Charly: Im hoping for Lab or volcano
  2536 | D:11     | Noticed a hill giant
  2548 | D:11     | Killed a hill giant
  2565 | D:11     | Noticed a five-headed hydra
  2604 | D:11     | Killed a five-headed hydra
  2604 | D:11     | Reached skill level 10 in Maces & Flails
  2604 | D:11     | Reached XP level 10. HP: 42/65 MP: 10/10
  2609 | D:11     | Reached *** piety under Makhleb
  2627 | D:11     | Reached skill level 1 in Invocations
  2816 | Lair:1   | magipi: wow
  2816 | Lair:1   | magipi: the best
  2816 | Lair:1   | Charly: I think best book i could possible find
  2816 | Lair:1   | Charly: ye
  2818 | Lair:1   | Learned a level 1 spell: Apportation
  2821 | Lair:1   | Learned a level 2 spell: Blink
  2824 | Lair:1   | Learned a level 2 spell: Shroud of Golubria
  2829 | Lair:1   | Learned a level 4 spell: Passage of Golubria
  2836 | Lair:2   | Noticed a six-headed hydra
  2878 | Lair:2   | Found a hole to the Spider Nest.
  2879 | Lair:2   | magipi: do we have unread scrolls?
  2880 | Lair:2   | Charly: nope
  2880 | Lair:2   | magipi: thx
  2980 | Lair:4   | Noticed a black mamba
  2989 | Lair:4   | Killed a black mamba
  3034 | Lair:4   | Noticed a black mamba
  3046 | Lair:4   | Killed a black mamba
  3066 | Lair:4   | Noticed an elephant
  3083 | Lair:4   | Noticed an elephant
  3088 | Lair:4   | Killed an elephant
  3097 | Lair:4   | Killed an elephant
  3097 | Lair:4   | Reached XP level 11. HP: 66/72 MP: 13/13
  3172 | Lair:4   | Reached skill level 10 in Fighting
  3232 | Lair:4   | Found a staircase to the Swamp.
  3233 | Lair:4   | Charly: nice branches
  3258 | Lair:5   | Charly: great
  3293 | Lair:5   | Reached skill level 5 in Shields
  3411 | Lair:5   | Found a dark tunnel.
  3421 | Volcano  | Entered a volcano
  3499 | Volcano  | Reached skill level 10 in Armour
  3557 | Volcano  | Noticed a mace of flaming
  3564 | Volcano  | magipi: the battleaxe is promising
  3611 | Volcano  | Killed a mace of flaming
  3682 | Volcano  | Charly: good loot
  3682 | Volcano  | Charly: just hope I can make it to lab
  3682 | Volcano  | magipi: switch to axe?
  3682 | Volcano  | Charly: yes
  3722 | Lair:5   | Found a runed door.
  3726 | Lair:5   | Found a viscous altar of Jiyva.
  3726 | Lair:5   | Found a staircase to the Slime Pits.
  3843 | Lair:5   | Found a labyrinth entrance.
  3851 | Lab      | Entered a labyrinth
  3852 | Lab      | magipi: yess
  3862 | Lab      | Charly: very close
  3862 | Lab      | Charly: made few bad moves
  3878 | Lab      | Charly: hmhm
  3963 | Lab      | Got a pitted ring mail
  3987 | Lab      | Identified the +0 ring mail of Ohoch {rCorr} (You found it in a labyrinth)
  4131 | Lab      | magipi: i doubt that the whip+shield is bettter
  4144 | Lab      | Charly: I want to see what I find here
  4144 | Lab      | Charly: and Im prety sure its better for mino
  4144 | Lab      | Charly: he doesnt have ac
  4144 | Lab      | Charly: and Ill have huge delay with axe
  4270 | Lab      | magipi: what a terrible lab
  4360 | Lab      | Charly: agreed
  4381 | Lab      | Charly: ouch
  4381 | Lab      | magipi: tele?
  4385 | Lab      | Charly: nice
  4493 | Lab      | Noticed a minotaur
  4495 | Lab      | Charly: ay
  4512 | Lab      | Killed a minotaur
  4514 | Lab      | magipi: nice
  4514 | Lab      | Charly: Im not really a fan of rods
  4514 | Lab      | Charly: I always carry thm with me and rarely use them
  4514 | Lab      | Charly: usually first thing to drop when Im full
  4527 | Lab      | magipi: but do you train evo?
  4527 | Lab      | Charly: dont plan to
  4527 | Lab      | Charly: Ill just leave it
  4527 | Lab      | Charly: its not a gamechanger
  4534 | Lab      | Charly: looks bad
  4534 | Lab      | Charly: very bad
  4536 | Lab      | Learned a level 1 spell: Summon Butterflies
  4536 | Lab      | magipi: not much to see here
  4536 | Lab      | Charly: huge disappointment
  4536 | Lab      | Charly: now Ill probabyl have to go orc
  4536 | Lab      | Charly: and hope for a weapon
  4536 | Lab      | magipi: the fire bttleaxe is good
  4539 | Lair:5   | Charly: I guess
  4539 | Lair:5   | Charly: but could ve been at least enchanted
  4552 | Lair:5   | Charly: nice shield
  4552 | Lair:5   | Charly: Ill stick with maces
  4552 | Lair:5   | Charly: my last game was an axe chopper
  4552 | Lair:5   | Charly: lets have something different this time
  4594 | Lair:5   | Reached XP level 12. HP: 46/80 MP: 14/14
  4677 | Lair:6   | Entered Level 6 of the Lair of Beasts
  4677 | Lair:6   | Noticed a four-headed hydra
  4689 | Lair:6   | Killed a four-headed hydra
  4716 | Lair:6   | Noticed a death yak
  4717 | Lair:6   | Noticed a death yak
  4881 | D:10     | Charly: orc here
  4925 | D:10     | magipi: yes, the warg must have come from there
  4963 | D:10     | Found a staircase to the Orcish Mines.
  4972 | Orc:1    | Entered Level 1 of the Orcish Mines
  5017 | D:10     | Reached skill level 1 in Dodging
  5018 | D:10     | 29/3/17
  5077 | Orc:1    | Reached **** piety under Makhleb
  5092 | Orc:2    | Entered Level 2 of the Orcish Mines
  5118 | Orc:2    | Found a staircase to the Elven Halls.
  5161 | Elf:1    | Entered Level 1 of the Elven Halls
  5346 | Orc:2    | magipi: against armoured dudes, this whip is bad
  5352 | Orc:2    | Charly: neary no dmg
  5352 | Orc:2    | Charly: luckily drain do the job
  5431 | Orc:2    | Found a bloodstained altar of Trog.
  5472 | Orc:2    | Found Omephe's Magic Scroll Shop.
  5547 | Orc:2    | Noticed an orc high priest
  5568 | Orc:2    | magipi: oops
  5655 | Orc:2    | magipi: vamp
  5657 | Orc:2    | Charly: yea
  5657 | Orc:2    | Charly: looks like Ill switch to axes afterall
  5690 | Orc:2    | Noticed an orc high priest
  5701 | Orc:2    | Killed an orc high priest
  5716 | Orc:2    | Noticed an orc high priest
  5771 | Orc:2    | Noticed a sun demon
  5793 | Orc:2    | Killed an orc high priest
  5804 | Orc:2    | Killed an orc high priest
  5879 | Orc:2    | Found Kaiquvo's Book Emporium.
  5887 | Orc:2    | Reached XP level 13. HP: 24/86 MP: 15/15
  5890 | Orc:2    | Found Tekoabbe's Jewellery Shop.
  5894 | Orc:2    | Found Mefeaza's General Store.
  5896 | Orc:2    | Found Aplit's Gadget Emporium.
  5904 | Orc:2    | Charly: gonna be a very slow game
  5904 | Orc:2    | magipi: the last 3 seems bad
  5904 | Orc:2    | Charly: +5 dex is nice
  5904 | Orc:2    | Charly: and I need rC since Im dropping that rc+ shield :(
  5904 | Orc:2    | Bought a wand of teleportation (4/9) for 264 gold pieces
  5906 | Orc:2    | Bought a scroll of fog for 30 gold pieces
  5906 | Orc:2    | Bought a scroll of recharging for 142 gold pieces
  5906 | Orc:2    | Bought a scroll of enchant armour for 112 gold pieces
  5906 | Orc:2    | Bought a scroll of identify for 30 gold pieces
  5915 | Orc:2    | Bought the ring of Bybruran {rPois Dex+5} for 487 gold pieces
  5981 | Orc:2    | Bought 3 scrolls of identify for 90 gold pieces
  5981 | Orc:2    | Bought a scroll of identify for 30 gold pieces
  5981 | Orc:2    | Bought a scroll of identify for 30 gold pieces
  5981 | Orc:2    | Bought a scroll of enchant armour for 112 gold pieces
  5981 | Orc:2    | Bought a scroll of enchant weapon for 112 gold pieces
  5981 | Orc:2    | Bought a scroll of identify for 30 gold pieces
  6021 | Orc:1    | Reached skill level 1 in Axes
  6102 | Orc:1    | archaeo: c h a r l y
  6415 | D:14     | Reached skill level 5 in Axes
  6472 | D:14     | Reached ***** piety under Makhleb
  6516 | D:15     | Entered Level 15 of the Dungeon
  6583 | D:13     | Noticed Nessos
  6637 | D:13     | magipi: wand?
  6644 | D:13     | Killed Nessos
  6759 | D:13     | Gained mutation: You expend magic power (3 MP) to strengthen your wands. [potion of mutation]
  6759 | D:13     | Gained mutation: You are robust. (+10% HP) [potion of mutation]
  6759 | D:13     | Gained mutation: You are somewhat resistant to further mutation. [potion of mutation]
  6911 | D:14     | Found a gate to the Vaults.
  6921 | D:12     | magipi: well, good luck
  6921 | D:13     | Charly: thanks
  6921 | D:13     | magipi: bye
  6921 | D:13     | Charly: cya
  7151 | Spider:1 | Entered Level 1 of the Spider Nest
  7159 | Spider:1 | Gained mutation: Your large and strong wings let you fly indefinitely. [Gargoyle growth]
  7159 | Spider:1 | Reached XP level 14. HP: 88/101 MP: 16/16
  7168 | Spider:1 | Noticed Asterion
  7186 | Spider:1 | Reached skill level 10 in Axes
  7205 | Spider:1 | Noticed a cacodemon
  7217 | Spider:1 | Charly: gg
  7222 | Spider:1 | HP: 5/151 [Asterion/demon trident of venom (5)]
  7223 | Spider:1 | Slain by Asterion

Vault maps used:
D:1:      tarquinn_simple_flora_water_a, minmay_statues_item
D:2:      overflow_temple_1_default, serial_aquarium, aquarium_bridge_straight,
          aquarium_window_1, aquarium_window_3, aquarium_window_1,
          aquarium_window_corner, aquarium_view_2d, aquarium_view_2e,
          aquarium_pool_1, minmay_misc_feat_tower
D:3:      grunt_pakellas_salt, first_bread, minmay_crystal_room
D:4:      nicolae_overflow_crystal_walls, kennysheep_little_box,
          hangedman_abyss_or_decor_lesser_grid, makhleb_altar_promises_db,
          uniq_eustachio
D:6:      grunt_ministairs_6, uniq_blork_the_orc
D:7:      nicolae_ashenzari_panopticon
D:8:      kiku_gazebo_pond_becter, serial_shops, shop_coins
D:9:      kennysheep_mini
D:10:     lair_0_dummy, minmay_orc_entry_guard_dogs
D:12:     the_bakery, uniq_psyche
D:13:     uniq_nessos
D:14:     erik_vaults_1, hangedman_decor_diamond_cutter, nrook_mini_vaults,
          grunt_decor_resistance, kennysheep_generic_room_14
D:15:     hangedman_depths_entry_civil_slaughter
Lair:1:   lemuel_old_faithful
Lair:2:   spider_nest_entry_a, grunt_forest_large_clearings, grunt_megastairs_4,
          infiniplex_staircase_pool, serial_bayou_shore_a
Lair:4:   minmay_swamp_entry_worms, lemuel_centaur_altar, lemuel_fruit_tree
Lair:5:   slime_altar_2, lab_entry_generic, nicolae_volcano_entry_batcave,
          serial_bayou_shore_b
Lair:6:   guppyfry_lair_end_dragon
Spider:1: uniq_donald, uniq_asterion
Orc:2:    st_orc_elflike, serial_shops, shop, trog_book
Elf:1:    eino_elf_arrival_shootout, minivault_28, uniq_aizul
Lab:      labyrinth_lava_lair
Volcano:  volcano_bunker

Skill      XL: |  1  2  3  4  5  6  7  8  9 10 11 12 13 14 |
---------------+-------------------------------------------+-----
Maces & Flails | 3 5 6 7 8 10 11 12 | 12.0
Fighting       | 5 6 8 9 11 12 | 12.3
Armour         | 5 7 9 10 11 | 11.9
Shields        | 4 6 8 |  8.0
Invocations    | 3 |  3.4
Dodging        | 3 |  3.9
Axes           | 9 10 | 10.1

Action                   |  1- 3 |  4- 6 |  7- 9 | 10-12 | 13-15 || total
-------------------------+-------+-------+-------+-------+-------++-------
Melee: Flail             |    91 |    55 |   219 |    97 |       ||   462
       Whip              |       |       |   274 |   725 |       ||   999
       Mace              |       |       |       |   157 |       ||   157
       Battleaxe         |       |       |       |       |   335 ||   335
 Fire: Blowgun           |     5 |     4 |       |       |       ||     9
Throw: Throwing net      |       |       |     2 |       |       ||     2
Invok: Minor Destruction |       |       |     6 |       |     2 ||     8
       Lesser Servant of |       |       |       |    27 |       ||    27
 Abil: Evoke Flight      |       |       |       |     1 |       ||     1
       Fly               |       |       |       |       |     1 ||     1
Evoke: Wand              |       |     3 |    11 |    10 |       ||    24
  Use: Scroll            |     5 |     2 |     6 |     8 |    11 ||    32
       Potion            |     1 |     1 |     1 |     2 |     3 ||     8
 Stab: Distracted        |       |       |       |     6 |       ||     6
  Eat: Chunk             |       |     1 |     6 |     6 |    12 ||    25
       Royal jelly       |       |       |     1 |       |       ||     1
       Beef jerky        |       |       |     1 |       |       ||     1
       Fruit             |       |       |     4 |     2 |     3 ||     9
Armor: Scale mail        |    42 |       |       |       |       ||    42
       Plate armour      |    25 |    63 |   281 |   481 |   710 ||  1560
Dodge: Dodged            |    17 |    12 |    44 |    96 |   386 ||   555
Block: Shield            |    47 |    37 |   182 |   171 |       ||   437
       Large shield      |       |       |       |   363 |       ||   363
